 Dungeon Crawl Stone Soup version 0.29.1-13-g9f3cf754e1 (webtiles) character file.

Game seed: 6898715921740538990

22 Thatpatchoflichen the Trooper (level 2, -6/24 HPs)
             Began as a Demonspawn Fighter on Feb 4, 2023.
             Mangled by a gnoll
             ... wielding a +0 halberd
              (13 damage)
             ... on level 2 of the Dungeon.
             The game lasted 00:01:50 (1282 turns).

Thatpatchoflichen the Trooper (Demonspawn Fighter)  Turns: 1282, Time: 00:01:52

Health: -6/24      AC:  6    Str: 16    XL:     2   Next: 68%
Magic:  2/2        EV:  8    Int:  9    God:
Gold:   72         SH:  4    Dex: 12    Spells: 1/1 levels left

rFire   . . .      SeeInvis .   a - +0 long sword
rCold   . . .      Faith    .   c - +0 buckler
rNeg    . . .      Spirit   .   b - +0 scale mail
rPois   .          Reflect  .   (no helmet)
rElec   .          Harm     .   (no cloak)
rCorr   .          Rampage  .   (no gloves)
Will    .....                   (no boots)
Stlth   ..........              (no amulet)
HPRegen 0.08/turn               (no ring)
MPRegen 0.08/turn               (no ring)

@: no status effects
A: claws 1
a: no special abilities


You were on level 2 of the Dungeon.
You visited 1 branch of the dungeon, and saw 3 of its levels.

You collected 72 gold pieces.

Inventory:

Hand Weapons
 a - a +0 long sword (weapon)
Armour
 b - a +0 scale mail (worn)
 c - a +0 buckler (worn)
Scrolls
 e - a scroll of identify {unknown}
 g - a scroll of blinking {unknown}
 j - a scroll of vulnerability {unknown}
Potions
 d - a potion of might
 f - a potion of invisibility {unknown}
 h - 2 potions of curing {unknown}
 i - a potion of heal wounds {unknown}


   Skills:
 + Level 3.2 Fighting
 + Level 2.1 Long Blades
 + Level 3.0 Armour
 + Level 2.9 Shields


You had one spell level left.
You didn't know any spells.
Your spell library contained the following spells:

 Spells                   Type           Power      Damage    Failure   Level
 Slow                     Hex            0%         N/A       88%         1
 Blink                    Tloc           0%         N/A       96%         2
 Confusing Touch          Hex            0%         N/A       99%         3
 Ignite Poison            Fire/Tmut/Pois 0%         N/A       99%         3
 Lesser Beckoning         Tloc           0%         N/A       99%         3
 Mephitic Cloud           Conj/Pois/Air  0%         N/A       99%         3
 Vampiric Draining        Necr           0%         2d6       99%         3
 Freezing Cloud           Conj/Ice/Air   0%         6-21      100%        5
 Manifold Assault         Tloc           0%         N/A       100%        5


Dungeon Overview and Level Annotations

Branches:
Dungeon (3/15)

Altars:


Innate Abilities, Weirdness & Mutations

You have sharp fingernails.


Message History

You closely miss the kobold. You block the kobold's attack.
You barely miss the kobold. The kobold hits you but does no damage.
The kobold hits you with a +4 dagger.
You miss the kobold. The kobold barely misses you.
You hit the kobold.
You kill the kobold!
Your Armour skill increases to level 3!
Things that are here:
a +4 dagger; 5 stones; a kobold corpse The eye of devastation pulsates ominously.
A gnoll comes into view. It is wielding a +0 halberd.
Found a scroll labelled MUMEFF ANTAERU.
The gnoll shouts!
The golden eye turns its gaze towards you.
The great orb of eyes turns its gaze towards you.
The gnoll closely misses you.
A gnoll comes into view. It is wielding a +0 halberd.
You see here 6 poisoned darts.
The gnoll shouts!
You hit the gnoll.
The gnoll is heavily wounded.
The gnoll barely misses you.
A gnoll comes into view. It is wielding a +0 halberd.
The gnoll hits you with a +0 halberd.
The gnoll shouts!
You hit the gnoll.
The gnoll is severely wounded.
You hear a shout!
The gnoll barely misses you.
You closely miss the gnoll.
The gnoll is severely wounded.
A gnoll comes into view. It is wielding a +0 club.
The gnoll hits you with a +0 halberd.
You barely miss the gnoll.
The gnoll is severely wounded.
The gnoll barely misses you. The gnoll hits you with a +0 halberd!
* * * LOW HITPOINT WARNING * * *
The gnoll hits you from afar with a +0 halberd!
Ouch! That really hurt!
You die...

##### ##.?# .....
....#
###...###...###
#G#...#G#.....#
###...###...#.#
............#.###
...._............
......g@..#.#.###
###..g###).......
#G#...#G#)#.#.#..
###.g.###...#.#
..g.......###.#
.#..........[.#.
#######.#.......
#...#####..#
#########..# ...#


You could see a great orb of eyes, an eye of devastation, a floating eye, 4
gnolls and a golden eye.

Vanquished Creatures
  2 ball pythons
  5 bats
  2 endoplasms
  2 goblins
  A hobgoblin (D:1)
  2 kobolds
  3 frilled lizards (D:1)
  4 rats
21 creatures vanquished.

Vanquished Creatures (others)
  A fungus (D:1)
1 creature vanquished.

Grand Total: 22 creatures vanquished

Notes
Turn   | Place    | Note
-------+----------+-------------------------------------------
     0 | D:1      | Thatpatchoflichen the Demonspawn Fighter began the quest
                  | for the Orb.
     0 | D:1      | Reached XP level 1. HP: 18/18 MP: 1/1
   589 | D:1      | Discovered your monstrous ancestry.
   589 | D:1      | Gained mutation: You have sharp fingernails. [demonic
                  | ancestry]
   589 | D:1      | Reached XP level 2. HP: 24/24 MP: 2/2
  1211 | D:2      | Noticed a floating eye
  1216 | D:2      | Noticed an eye of devastation
  1218 | D:2      | Found a faded altar of an unknown god.
  1277 | D:2      | Noticed a golden eye
  1277 | D:2      | Noticed a great orb of eyes
  1282 | D:2      | Mangled by a gnoll

Illustrated notes

Levels and vault maps discovered:
D:1:      evilmike_arrival_plus, layout_rooms, st_stairs_7, roderic_lattice_a,
          glass_columns_a, chequers_serial_rivers_small_a,
          dreamdust_mushroom_princess, due_unseen_surprise
D:2:      layout_loops_ring, hellmonk_ecumenical_altar_watching_god
D:3:      layout_basic, nicolae_titane, uniq_terence

Skill      XL: |  1  2 |
---------------+-------+-----
Long Blades    | 2 |  2.1
Armour         | 3 |  3.0
Fighting       | |  3.2
Shields        | |  2.9

Action                   || total
-------------------------++-------
Melee: Long sword        ||    73
Armor: Scale mail        ||    49
Dodge: Dodged            ||    47
Block: Buckler           ||    23
